 Dungeon Crawl Stone Soup version 0.30-a0-137-gd8773701ce (webtiles) character file.

Game seed: 6658327201265615764

5194 themarg the Thaumaturge (level 10, -2/81 HPs)
             Began as a Djinni Fire Elementalist on Sept 22, 2022.
             Was a Believer of Ashenzari.
             Slain by a centaur warrior
             ... wielding a +0 long sword
              (12 damage)
             ... on level 8 of the Dungeon.
             The game lasted 00:51:02 (14746 turns).

themarg the Thaumaturge (Djinni Fire Elementalist) Turns: 14746, Time: 00:51:02

Health: -2/81      AC:  5    Str:  7    XL:     10   Next: 91%
Gold:   557        EV: 12    Int: 21    God:    Ashenzari [**....] SH:  5 Dex: 14

rFire   + + .      SeeInvis +    m - +7 Throatcutter {drain, coup de grace, Self, Melee} (curse)
rCold   x . .      Faith    .    (no shield)
rNeg    . . .      Spirit   .    a - +0 robe
rPois   ∞          Reflect  +    F - +1 helmet of Ashenzari's Cynicism {Melee, Fort} (curse)
rElec   .          Harm     .    (no cloak)
rCorr   .          Rampage  .    E - +0 pair of gloves of Toth-Mos's Legacy {Self, Evo} (curse)
Will    +....                    (boots unavailable)
Stlth   ++........               I - amulet of reflection
HPRegen 0.23/turn                f - ring of wizardry
MPRegen 0.00/turn                (no ring)

@: flying, slowed, very slow
A: sickness immunity, fire resistance 2, cold vulnerability 1, float, innate
caster, HP casting, extra vitality 1
a: Renounce Religion, Shatter the Chains


You were on level 8 of the Dungeon.
You worshipped Ashenzari.
Ashenzari was pleased with you.
You visited 2 branches of the dungeon, and saw 9 of its levels.
You also visited: Ossuary.

You collected 683 gold pieces.
You spent 126 gold pieces at shops.

Inventory:

Hand Weapons
 b - a +2 short sword of freezing
 m - the cursed +7 Throatcutter (weapon) {drain, coup de grace, Self, Melee}
   (You took it off Terence on level 3 of the Dungeon)

   A truly terrible weapon, it drains the life of any living foe it strikes.
   It may instantly kill foes which have little health.
   It has a curse which improves the following skills: Introspection: Fighting
   and Spellcasting.
   Melee Combat: Short Blades, Long Blades, Axes, Maces & Flails, Polearms,
   Staves and Unarmed Combat.
Missiles
 i - 10 poisoned darts
Armour
 a - a +0 robe (worn)
 E - the cursed +0 pair of gloves of Toth-Mos's Legacy (worn) {Self, Evo}
   (You found it on level 6 of the Dungeon)

   It has a curse which improves the following skills: Introspection: Fighting
   and Spellcasting.
   Evocations: Evocations.
 F - the cursed +1 helmet of Ashenzari's Cynicism (worn) {Melee, Fort}
   (You bought it in a shop on level 5 of the Dungeon)

   It has a curse which improves the following skills: Melee Combat: Short
   Blades, Long Blades, Axes, Maces & Flails, Polearms, Staves and Unarmed
   Combat.
   Fortitude: Armour and Shields.
Jewellery
 f - a ring of wizardry (left hand)
 w - a ring of willpower
 I - an amulet of reflection (around neck)
Wands
 j - a wand of digging (5)
 u - a wand of iceblast (23)
 H - a wand of mindburst (21)
Scrolls
 e - a scroll of magic mapping
 k - 3 scrolls of immolation
 r - a scroll of fear
 t - a scroll of torment
 v - a scroll of vulnerability
 x - a scroll of enchant armour
 y - 2 scrolls of identify
 D - 3 scrolls of noise
 G - a scroll of poison
Potions
 c - 3 potions of might
 g - 10 potions of curing
 h - 2 potions of magic
 l - a potion of attraction
 n - 4 potions of lignification
 o - a potion of ambrosia
 p - a potion of degeneration
 q - a potion of haste
 s - 4 potions of heal wounds
 z - 2 potions of berserk rage
 A - a potion of brilliance
 B - a potion of flight
 C - a potion of mutation


   Skills:
 + Level 8.5(10.5) Fighting
 - Level 0.3(1.5) Short Blades
 + Level 1.8(3.2) Long Blades
 - Level 2.2 Dodging
 - Level 3.0 Stealth
 + Level 9.8(11.7) Spellcasting


You had 9 spell levels left.
You knew the following spells:

 Your Spells              Type           Power      Damage    Failure   Level
a - Foxfire               Conj/Fire      100%       2x1d9     1%          1
b - Scorch                Fire           100%       2d10      1%          2
c - Kindle Blastsparks    Fire/Tloc/Air  100%       2d18      1%          3
d - Inner Flame           Hex/Fire       57%        N/A       1%          3
e - Flame Wave            Conj/Fire      57%        2d14      1%          4
f - Shock                 Conj/Air       100%       1d9       1%          1
g - Blink                 Tloc           100%       N/A       1%          2
h - Frozen Ramparts       Ice            100%       1d16      1%          3
i - Animate Armour        Summ/Erth      100%       N/A       1%          4
Your spell library was empty.

Dungeon Overview and Level Annotations

Branches:
Dungeon (8/15)             Temple (1/1) D:4         Ossuary (visited)
   Lair: D:8-11

Altars:
Ashenzari
Cheibriados
Dithmenos
Elyvilon
Fedhas
Gozag
Hepliaklqana
Makhleb
Nemelex Xobeh
Okawaru
Qazlal
Ru
Trog
Uskayaw
Wu Jian
Xom
Yredelemnul
Zin
The Shining One

Shops:
D:5 [   D:8 *

Annotations:
D:3 Grinder, Jessica, Natasha
D:6 4 runed translucent doors, Crazy Yiuf; valliere's ghost, novice DEFE
D:8 Erica


Innate Abilities, Weirdness & Mutations

You are immune to sickness and miasma.
You are immune to poison.
Your flesh is very heat resistant. (rF++)
You are vulnerable to cold. (rC-)
You float through the air rather than walking.
You learn spells naturally, not from books.
Your magical power is your life essence.
You have superior vitality. (+4 MHP)


Message History

Confirm with . or Enter, or press ? or * to list all spells.
Casting: Flame Wave (safe; 1% risk of failure)
Press: ? - help, Dir - look around, f - activate A wave of flame ripples out!
The flame wave engulfs the wraith!
The wraith is moderately damaged. (Press . to intensify the flame waves.)
The wraith hits you. The wraith drains your vigour!
You feel as though you will be slow longer.
The wraith hits you!
A wave of flame ripples out!
The flame wave engulfs the centaur warrior.
The centaur warrior is lightly wounded.
The flame wave engulfs the wraith.
The wraith is heavily damaged.
The flame wave engulfs the steam dragon!!
The steam dragon is severely wounded.
The centaur warrior hits you with a +0 long sword!
* * * LOW HITPOINT WARNING * * *
The centaur warrior misses you. x2; The centaur warrior kicks you.
* * * LOW HITPOINT WARNING * * *
The wraith closely misses you.
A wave of flame ripples out!
The flame wave engulfs the centaur warrior!!
The centaur warrior is moderately wounded.
The flame wave engulfs the wraith!
You destroy the wraith!
The flame wave engulfs the steam dragon!
You kill the steam dragon!
* * * LOW HITPOINT WARNING * * *
You finish channelling waves of flame.
The centaur warrior closely misses you. The centaur warrior kicks you.
* * * LOW HITPOINT WARNING * * *
The centaur warrior misses you.
The centaur warrior kicks you but does no damage.
Casting: Flame Wave (safe; 1% risk of failure)
Confirm with . or Enter, or press ? or * to list all spells.
You blink.
* * * LOW HITPOINT WARNING * * *
The centaur warrior hits you with a +0 long sword!
You die...

...........{#.#.#.#.#...# , ,,
##.#.8.8.#{#.#...#.#.#.##.....#
#..###.###.#..###..#.#.##.....#
#..####.####.#.c{.{#.##..#.....#
..##.......##.#####c##.[.#,.>..#
.##..#####..##...K.##.[.## #...#
##..## #..###.###...#####...#
...## #....†.§.......#....# ####
#####@c.#......#..<.# #
##..##.....#....#
#...##.....##...#
#...##....[##...#
#.....##.##<)...#
#.....#...#.....#
#####...∩...##### #.#...###
#.##.##


You could see a centaur warrior and a kobold brigand.

Vanquished Creatures
  A centaur warrior (D:8)
  Maggie (D:6)
  A slime creature (D:8)
  A wraith (D:8)
  4 yaks (D:8)
  A steam dragon (D:8)
  Edmund (D:6)
  Menkaure (D:7)
  An ice beast (D:5)
  5 orc warriors
  2 centaurs
  A phantom (D:4)
  2 bullfrogs
  A gnoll sergeant (D:5)
  2 scorpions
  3 necrophages
  A wight (D:8)
  8 killer bees
  3 electric eels (D:7)
  A howler monkey (D:8)
  A human zombie (D:6)
  7 orc priests
  6 hounds
  4 iguanas
  2 jellies (D:5)
  Natasha (twice) (D:3)
  Terence (D:3)
  5 orc wizards
  8 mummies (Ossuary)
  7 gnolls (D:5)
  12 adders
  2 ufetubi
  3 worms
  3 dart slugs
  33 orcs
  6 bats
  8 endoplasms
  A giant cockroach (D:1)
  2 gnoll zombies (Ossuary)
  7 goblins
  10 hobgoblins
  3 jackals (D:1)
  3 quokkas
  11 ball pythons
  A frilled lizard (D:2)
  2 hobgoblin zombies (Ossuary)
  6 kobolds
  2 kobold zombies (Ossuary)
  2 orc zombies (Ossuary)
  3 rats
204 creatures vanquished.

Vanquished Creatures (collateral kills)
  A foxfire (D:1)
1 creature vanquished.

Vanquished Creatures (others)
  334 foxfires
  46 plants
380 creatures vanquished.

Grand Total: 585 creatures vanquished

Notes
Turn   | Place    | Note
-------+----------+-------------------------------------------
     0 | D:1      | themarg the Djinni Fire Elementalist began the quest for
                  | the Orb.
     0 | D:1      | themarg set off with the following spells memorised:
                  | Foxfire, Scorch, Kindle Blastsparks, Inner Flame, Flame
                  | Wave.
     0 | D:1      | Reached XP level 1. HP: 15/15 MP: 0/0
   612 | D:1      | Reached XP level 2. HP: 20/21 MP: 0/0
   910 | D:1      | Reached skill level 3 in Spellcasting
   953 | D:1      | Reached XP level 3. HP: 24/25 MP: 0/0
   953 | D:1      | Learned a level 1 spell: Shock
   965 | D:1      | Found a faded altar of an unknown god.
  2286 | D:2      | Reached XP level 4. HP: 26/31 MP: 0/0
  2712 | D:3      | Noticed Jessica
  2765 | D:3      | Noticed Terence
  2769 | D:3      | Killed Terence
  3040 | D:3      | Noticed Natasha
  3045 | D:3      | Killed Natasha
  3046 | D:3      | Reached XP level 5. HP: 31/35 MP: 0/0
  3046 | D:3      | Learned a level 2 spell: Blink
  3223 | D:3      | Noticed Grinder
  3420 | D:3      | Reached skill level 4 in Spellcasting
  3454 | D:3      | Noticed Natasha
  4016 | D:3      | Killed Natasha
  4017 | D:3      | Reached XP level 6. HP: 32/40 MP: 0/0
  4591 | D:3      | Noticed Natasha
  4974 | D:3      | Reached skill level 5 in Spellcasting
  5435 | D:4      | Found a glowing silver altar of Zin.
  5732 | D:4      | Reached XP level 7. HP: 42/45 MP: 0/0
  5732 | D:4      | Learned a level 3 spell: Frozen Ramparts
  6450 | D:4      | Reached skill level 6 in Spellcasting
  6649 | D:4      | Found a staircase to the Ecumenical Temple.
  6662 | Temple   | Entered the Ecumenical Temple
  6830 | Temple   | Became a worshipper of Ashenzari the Shackled
  7149 | D:4      | Found an opulent altar of Gozag.
  7362 | D:4      | Reached XP level 8. HP: 38/50 MP: 0/0
  7533 | D:4      | Found a snail-covered altar of Cheibriados.
  7699 | D:5      | Entered Level 5 of the Dungeon
  7971 | D:5      | Reached skill level 7 in Spellcasting
  8226 | D:5      | Found Purij's Armour Shop.
  8561 | D:5      | Identified the +3 dagger of the Pits of Slime {vorpal, rC+}
  9031 | D:6      | Noticed Edmund
  9210 | D:6      | Found a sand-covered staircase.
  9224 | Ossuary  | Entered an ossuary
  9264 | Ossuary  | Reached skill level 8 in Spellcasting
  9275 | Ossuary  | Reached XP level 9. HP: 40/56 MP: 0/0
  9275 | Ossuary  | Learned a level 4 spell: Animate Armour
  9580 | D:6      | Found a hide-covered altar of Uskayaw.
  9788 | D:6      | Noticed Maggie
  9860 | D:6      | Killed Edmund
 10571 | D:6      | Found a runed translucent gate.
 10571 | D:6      | Found a runed translucent gate.
 10572 | D:6      | Found a runed translucent gate.
 10575 | D:6      | Noticed valliere's ghost (novice DEFE)
 10714 | D:6      | Found a runed translucent door.
 10715 | D:6      | Noticed Crazy Yiuf
 10790 | D:6      | Killed Maggie
 10791 | D:6      | Reached skill level 9 in Spellcasting
 10968 | D:5      | Bought a +1 helmet for 126 gold pieces
 11329 | D:7      | Noticed Menkaure
 11334 | D:7      | Killed Menkaure
 11520 | D:7      | Reached skill level 1 in Fighting
 11641 | D:7      | Reached * piety under Ashenzari
 11869 | D:7      | Reached XP level 10. HP: 22/69 MP: 0/0
 12724 | D:7      | Reached ** piety under Ashenzari
 13140 | D:8      | Noticed Erica
 13348 | D:8      | HP: 2/77 [cloud of flame (9)]
 13688 | D:8      | Found Cyratz's Gadget Gallery.
 14028 | D:8      | Identified the +0 robe of Narcissism {rElec Will- Regen+
                  | Archmagi}
 14028 | D:8      | Noticed a centaur warrior
 14319 | D:8      | Noticed a centaur warrior
 14332 | D:8      | Killed a centaur warrior
 14667 | D:8      | Reached skill level 1 in Long Blades
 14746 | D:8      | Slain by a centaur warrior

Illustrated notes

Levels and vault maps discovered:
D:1:      elethiomel_arrival_infinity_welcomes_careful_drivers,
          layout_loops_ring, shapermc_ecumenical_altar_mp_ritualfount
D:2:      layout_loops_ring
D:3:      cheibrodos_pilgrimage, layout_basic, minmay_snake_closets,
          uniq_terence, uniq_jessica, uniq_natasha, uniq_grinder
D:4:      kennysheep_spiral_hall, layout_rooms,
          pdpol_temple_overflow_zin_treasury_gozag_greed,
          mainiacjoe_overflow_catwalk
D:5:      layout_loops_corners, serial_shops, kennysheep_mini_moat,
          grunt_decor_resistance
D:6:      nicolae_cairo_tiling, layout_gridville, lemuel_doored_altar,
          gammafunk_ghost_necromancy, enter_ossuary_3, minmay_misc_feat_pillars,
          grunt_decor_mini_mirrors, uniq_crazy_yiuf_cottage, uniq_maggie,
          uniq_edmund
D:7:      layout_basic, serial_bayou, serial_bayou_ford_a, serial_bayou_shore_a,
          serial_bayou_shore_b, serial_bayou_pond_c, uniq_menkaure
D:8:      minmay_the_grid_octo_tiled_octocenter [minmay_the_grid_octo_pinwheel,
          minmay_the_grid_octo_vomiting_pacman, minmay_the_grid_octo_horde,
          minmay_the_grid_octo_concentric, minmay_the_grid_octo_prize_big_c,
          minmay_the_grid_square_5x5_comb,
          minmay_the_grid_square_5x5_tetrominoes,
          minmay_the_grid_square_5x5_fancy_junction,
          minmay_the_grid_square_5x5_dogpile], layout_gridville,
          amcnicky_altar_gilded, nicolae_shop_gadgets, uniq_erica
Temple:   bh_familiar_temple

Skill      XL: |  1  2  3  4  5  6  7  8  9 10 |
---------------+-------------------------------+-----
Spellcasting   | 3 4 5 6 8 9 |  9.8
Stealth        | 2 3 |  3.0
Fighting       | 3 8 |  8.5
Long Blades    | 1 |  1.8
Short Blades   | |  0.3
Dodging        | |  2.2

Action                   |  1- 3 |  4- 6 |  7- 9 | 10-12 || total
-------------------------+-------+-------+-------+-------++-------
Melee: Short sword       |     8 |     8 |     1 |       ||    17
       Long sword        |       |       |    10 |    12 ||    22
 Cast: Foxfire           |    51 |    52 |   117 |    30 ||   250
       Scorch            |     9 |    44 |    31 |    21 ||   105
       Shock             |       |     1 |     2 |       ||     3
       Blink             |       |     1 |       |     2 ||     3
       Inner Flame       |       |     1 |    55 |    18 ||    74
       Flame Wave        |       |     1 |       |     2 ||     3
       Kindle Blastspark |       |       |     3 |       ||     3
Invok: Curse Item        |       |       |     2 |     1 ||     3
Evoke: Wand              |       |       |       |     1 ||     1
  Use: Scroll            |       |     8 |     5 |     1 ||    14
       Potion            |       |     1 |     1 |       ||     2
Armor: Robe              |     5 |     4 |     3 |     7 ||    19
Dodge: Dodged            |     8 |    19 |    19 |    33 ||    79
Block: Other             |       |       |       |     7 ||     7
       Reflection        |       |       |       |     1 ||     1

Table legend: (Time is in decaauts)
 A = Elapsed time spent in this place.
 B = Non-inter-level travel time spent in this place.
 C = Inter-level travel time spent in this place.
 D = Time resting spent in this place.
 E = Time spent auto-exploring this place.
 F = Levels seen in this place.
 G = Mean time per level.
                   A        B        C        D        E       F      G
               +--------+--------+--------+--------+--------+-----+--------+
         Total |  14768 |  14290 |    478 |   6915 |   5390 |  10 | 1476.8 |
       Dungeon |  14231 |  13774 |    457 |   6742 |   5236 |   8 | 1778.9 |
        Temple |    190 |    169 |     21 |      0 |    154 |   1 |  190.0 |
       Ossuary |    346 |    346 |      0 |    173 |      0 |   1 |  346.0 |
               +--------+--------+--------+--------+--------+-----+--------+

Top non-repeatable levels by time:
     D:7: 3189 daAuts
     D:3: 2088 daAuts
     D:4: 1983 daAuts
     D:2: 1803 daAuts
     D:5: 1774 daAuts
     D:1: 1636 daAuts
     D:6: 1187 daAuts
     D:8: 569 daAuts
 Ossuary: 346 daAuts
  Temple: 190 daAuts
